Description

Place a nydus in the opponent's base at about 4:30~ after you have 13 roaches. Unleash hell

Build Order

Get SALT Encoding   

  13  0:01  Drone  
  13  0:13  Overlord  
  14  0:17  Drone x3  
  15  0:48  Hatchery  
  16  0:53  Drone x3  
  17  1:05  Extractor  
  16  1:16  Spawning Pool  
  17  1:22  Drone x4  
  21  2:02  Zergling x3  
  25  2:03  Queen x2  
  27  2:12  Overlord  
  28  2:16  Drone x5  
  34  2:42  Queen  
  34  2:46  Lair  
  34  2:51  Overlord  
  35  2:55  Drone x2  
  35  3:06  Overlord, Extractor  
  34  3:10  Roach Warren  
  35  3:16  Drone x4  
  40  3:22  Queen  
  40  3:26  Overlord  
  41  3:32  Drone  
  40  3:35  Nydus Network  
  42  3:50  Roach x5  
  50  3:58  Overlord  
Spawning Tool Build Advisor. Get it on Overwolf

Go to:

Details

  • Created by: Livibee     
  • Published on: Dec 18, 2019
  • Modified on: Dec 18, 2019
  • Patch: 4.11.0
Show
View Real Time Build Order
Export as new Build Order

Comments (0)

There are no comments. Be the first!

Create an account to comment!